 Dungeon Crawl Stone Soup version 0.29-a0-477-g62b78b4225 (webtiles) character file.

Game seed: 16685573604807684767

25 YayAnonymity the Cruncher (level 3, 0/25 HPs)
             Began as a Gnoll Wanderer on May 25, 2022.
             Slain by a hound (3 damage)
             ... on level 2 of the Dungeon.
             The game lasted 00:00:59 (767 turns).

YayAnonymity the Cruncher (Gnoll Wanderer)           Turns: 767, Time: 00:01:00

Health: 0/25       AC:  3    Str: 10    XL:     3   Next: 4%
Magic:  4/4        EV: 14    Int: 10    God:
Gold:   39         SH:  0    Dex: 15    Spells: 3/3 levels left

rFire   . . .      SeeInvis .   a - +0 hand axe
rCold   . . .      Faith    .   (no shield)
rNeg    . . .      Spirit   .   e - +0 robe
rPois   .          Reflect  .   (no helmet)
rElec   .          Harm     .   (no cloak)
rCorr   .          Rampage  .   k - +0 pair of gloves
Will    .....                   (no boots)
Stlth   ++........              (no amulet)
HPRegen 0.08/turn               (no ring)
MPRegen 0.09/turn               (no ring)

@: no status effects
A: fangs 1, strong nose, distributed training
a: no special abilities


You were on level 2 of the Dungeon.
You visited 1 branch of the dungeon, and saw 2 of its levels.

You collected 39 gold pieces.

Inventory:

Hand Weapons
 a - a +0 hand axe (weapon)
Armour
 e - a +0 robe (worn)
 k - a +0 pair of gloves (worn)
Scrolls
 b - a scroll of summoning {unknown}
 c - a scroll of blinking {unknown}
 d - a scroll of fear
 f - a scroll of magic mapping {unknown}
 h - 2 scrolls of teleportation {unknown}
Potions
 g - 2 potions of curing {unknown}
 i - a potion of lignification {unknown}
 j - a potion of attraction {unknown}


   Skills:
 + Level 0.5 Fighting
 + Level 2.5 Short Blades
 + Level 0.5 Long Blades
 + Level 0.5 Axes
 + Level 0.5 Maces & Flails
 + Level 0.5 Polearms
 + Level 8.5 Staves
 + Level 0.5 Slings
 + Level 0.5 Bows
 + Level 0.5 Crossbows
 + Level 2.5 Throwing
 + Level 0.5 Armour
 + Level 4.5 Dodging
 + Level 2.3 Stealth
 + Level 0.5 Shields
 + Level 0.5 Unarmed Combat
 + Level 0.5 Spellcasting
 + Level 0.4 Conjurations
 + Level 0.4 Hexes
 + Level 0.4 Summonings
 + Level 0.4 Necromancy
 + Level 0.4 Translocations
 + Level 0.4 Transmutations
 + Level 0.4 Fire Magic
 + Level 0.4 Ice Magic
 + Level 0.4 Air Magic
 + Level 0.4 Earth Magic
 + Level 0.4 Poison Magic
 + Level 2.5 Invocations
 + Level 0.5 Evocations


You had 3 spell levels left.
You didn't know any spells.
Your spell library contained the following spells:

 Spells                   Type           Power      Damage    Failure   Level
 Sandblast                Erth           2%         2d4       30%         1
 Ensorcelled Hibernation  Hex/Ice        2%         N/A       43%         2
 Passwall                 Tmut/Erth      0%         N/A       43%         2
 Stone Arrow              Conj/Erth      2%         3d7       67%         3
 Swiftness                Air            1%         N/A       67%         3


Dungeon Overview and Level Annotations

Branches:
Dungeon (2/15)

Altars:


Innate Abilities, Weirdness & Mutations

You have very sharp teeth.
Your uncanny sense of smell can sniff out nearby items.
Your experience applies equally to all skills.


Message History

You hit the endoplasm. You hit the hound.
The hound bites you but does no damage. The endoplasm freezes you.
You are frozen.
The hound closely misses you. The goblin barely misses you.
The endoplasm freezes you.
You are frozen.
You have reached level 3!
Your experience leads to an increase in your attributes!
Increase (S)trength, (I)ntelligence, or (D)exterity?
You feel stronger. x2
You barely miss the hound.
The hound is moderately wounded.
You hit the endoplasm. You hit the goblin but do no damage.
The hound barely misses you. The hound closely misses you.
The endoplasm hits you. The goblin barely misses you.
You barely miss the hound. Your bite misses the hound.
The hound is moderately wounded.
You barely miss the goblin. You barely miss the endoplasm.
The hound barely misses you. The endoplasm freezes you.
You are frozen.
The goblin hits you but does no damage. The hound barely misses you.
You hit the hound but do no damage.
The hound is moderately wounded.
You hit the endoplasm.
You kill the endoplasm!
You hit the goblin but do no damage. The hound misses you.
The goblin closely misses you. The hound closely misses you.
The goblin hits you with a +0 dagger.
You hit the hound. Your punch misses the hound.
The hound is heavily wounded.
You miss the goblin. The hound misses you. The goblin misses you.
The hound bites you.
* * * LOW HITPOINT WARNING * * *
You hit the hound.
The hound is severely wounded.
You hit the goblin.
The hound pauses to sniff the ground.
The hound bites you.
You die...

#..# ####..#
#.....####### ∆
#..####......
#..# #.##### #
#..# #.# ##
###.########..#
#.# #.
...........#..#
#.# #.
......g@.?....#
#.####.
.#....h..#....#
#.#....
##..###.#....#
#...... ∆#.
#.>....#
###..<. ..
#.##.### ####.
.. ..##.# #. #
#.###.# #. ##
... ## ..


You could see a hound and a goblin.

Vanquished Creatures
  An adder (D:2)
  3 endoplasms
  A goblin (D:1)
  A hobgoblin (D:2)
  A kobold (D:1)
  2 quokkas (D:1)
  2 ball pythons
  A bat (D:2)
  2 frilled lizards
  A rat (D:2)
15 creatures vanquished.

Notes
Turn   | Place    | Note
-------+----------+-------------------------------------------
     0 | D:1      | YayAnonymity the Gnoll Wanderer began the quest for the
                  | Orb.
     0 | D:1      | YayAnonymity set off with the following items: a +0 vorpal
                  | quarterstaff, a +0 short sword, a +0 pair of gloves, a
                  | scroll of fear, a +0 robe
     0 | D:1      | Reached XP level 1. HP: 13/13 MP: 2/2
   193 | D:1      | Reached XP level 2. HP: 19/19 MP: 3/3
   322 | D:1      | Found a faded altar of an unknown god.
   763 | D:2      | Reached XP level 3. HP: 11/25 MP: 4/4
   767 | D:2      | Slain by a hound

Illustrated notes

Levels and vault maps discovered:
D:1:      minmay_arrival_three_doors, layout_rooms,
          hellmonk_ecumenical_altar_pennies_from_heaven
D:2:      layout_loops_ring, minmay_tetromino_s2, uniq_terence

Action                   || total
-------------------------++-------
Melee: Quarterstaff      ||    12
       Hand axe          ||    26
 Stab: Sleeping          ||     2
Armor: Robe              ||     7
Dodge: Dodged            ||    40

Table legend: (Time is in decaauts)
 A = Elapsed time spent in this place.
 B = Non-inter-level travel time spent in this place.
 C = Inter-level travel time spent in this place.
 D = Time resting spent in this place.
 E = Time spent auto-exploring this place.
 F = Levels seen in this place.
 G = Mean time per level.
                   A        B        C        D        E       F      G
               +--------+--------+--------+--------+--------+-----+--------+
         Total |    773 |    762 |     11 |    207 |    412 |   2 |  386.5 |
       Dungeon |    773 |    762 |     11 |    207 |    412 |   2 |  386.5 |
               +--------+--------+--------+--------+--------+-----+--------+

Top non-repeatable levels by time:
     D:2: 409 daAuts
     D:1: 364 daAuts
